 Dungeon Crawl Stone Soup version 0.28-a0-1429-gf3d713df7a (webtiles) character file.

Game seed: 260774852747290962

289 Shayle the Grasshopper (level 6, -2/43 (50) HPs)
             Began as a Gnoll Warper on Jan 9, 2022.
             Slain by a necrophage (5 damage)
             ... on level 4 of the Dungeon.
             The game lasted 00:08:05 (4886 turns).

Shayle the Grasshopper (Gnoll Warper)               Turns: 4886, Time: 00:08:05

HP:   -2/43 (50)    AC:  5    Str: 10    XL:     6   Next: 31%
MP:   14/14         EV: 11    Int: 14    God:
Gold: 92            SH:  0    Dex: 12    Spells: 10/15 levels left

rFire   . . .      SeeInvis .   i - +2 dagger (freeze)
rCold   . . .      Faith    .   (no shield)
rNeg    . . .      Spirit   .   g - +0 ring mail
rPois   .          Reflect  .   (no helmet)
rElec   .          Harm     .   (no cloak)
rCorr   .          Rampage  .   (no gloves)
Will    .....                   (no boots)
Stlth   +.........              k - amulet of the acrobat
HPRegen 0.14/turn               (no ring)
MPRegen 0.14/turn               (no ring)

@: lethally poisoned (-2 -> -8), heavily drained, invisible
A: fangs 1, strong nose, distributed training
a: no special abilities


You were on level 4 of the Dungeon.
You visited 1 branch of the dungeon, and saw 4 of its levels.

You collected 92 gold pieces.

Inventory:

Hand Weapons
 i - a +2 dagger of freezing (weapon)
Missiles
 f - 2 javelins (quivered)
 j - 6 boomerangs
Armour
 a - a +0 leather armour
 g - a +0 ring mail (worn)
Jewellery
 k - an amulet of the acrobat (around neck)
Scrolls
 d - a scroll of enchant weapon
 e - a scroll of teleportation
Potions
 b - a potion of invisibility
 c - a potion of curing {unknown}
 h - a potion of magic
 l - a potion of haste {unknown}


   Skills:
 + Level 4.9 Fighting
 + Level 1.9 Short Blades
 + Level 1.9 Long Blades
 + Level 1.9 Axes
 + Level 1.9 Maces & Flails
 + Level 1.9 Polearms
 + Level 1.9 Staves
 + Level 1.9 Slings
 + Level 1.9 Bows
 + Level 1.9 Crossbows
 + Level 3.2 Throwing
 + Level 3.2 Armour
 + Level 4.9 Dodging
 + Level 1.9 Stealth
 + Level 1.9 Shields
 + Level 4.9 Unarmed Combat
 + Level 5.3 Spellcasting
 + Level 1.5 Conjurations
 + Level 1.5 Hexes
 + Level 1.5 Summonings
 + Level 1.5 Necromancy
 + Level 5.6 Translocations
 + Level 1.5 Transmutations
 + Level 1.5 Fire Magic
 + Level 1.5 Ice Magic
 + Level 1.5 Air Magic
 + Level 1.5 Earth Magic
 + Level 1.5 Poison Magic
 + Level 2.1 Invocations
 + Level 1.9 Evocations


You had 10 spell levels left.
You knew the following spells:

 Your Spells              Type           Power      Damage    Failure   Level
a - Blink                 Tloc           38%        N/A       6%          2
b - Teleport Other        Tloc           19%        N/A       12%         3

Your spell library contained the following spells:

 Spells                   Type           Power      Damage    Failure   Level
 Gell's Gravitas          Tloc           19%        N/A       12%         3
 Lesser Beckoning         Tloc           19%        N/A       12%         3
 Manifold Assault         Tloc           19%        N/A       73%         5


Dungeon Overview and Level Annotations

Branches:
Dungeon (4/15)
 Temple: D:4-7

Altars:
Hepliaklqana


Innate Abilities, Weirdness & Mutations

You have very sharp teeth.
Your uncanny sense of smell can sniff out nearby items.
Your experience applies equally to all skills.


Message History

The necrophage hits you but does no damage.
The scorpion closely misses you.
You hit the scorpion. You freeze the scorpion.
The scorpion is severely wounded.
The necrophage barely misses you. The scorpion misses you.
You closely miss the scorpion. Your bite misses the scorpion.
The scorpion is severely wounded.
The necrophage hits you.
You feel drained. The scorpion stings you.
You hit the scorpion. You freeze the scorpion.
The scorpion is almost dead.
The scorpion stings you but does no damage.
The necrophage hits you.
You feel drained.
You barely miss the scorpion. Your bite misses the scorpion.
The scorpion is almost dead.
The scorpion closely misses you.
The necrophage hits you but does no damage.
You hit the scorpion but do no damage.
The scorpion is almost dead.
The scorpion stings you.
* * * LOW HITPOINT WARNING * * *
You are lethally poisoned!
The scorpion poisons you! The necrophage closely misses you.
You barely miss the scorpion.
You bite the scorpion, but do no damage.
The scorpion is almost dead.
* * * LOW HITPOINT WARNING * * *
You feel very sick.
The scorpion stings you but does no damage.
The necrophage hits you but does no damage.
It was a potion of invisibility.
You fade into invisibility!
* * * LOW HITPOINT WARNING * * *
You feel very sick. The scorpion closely misses you.
The necrophage barely misses you.
It was a potion of magic.
Magic courses through your body.
* * * LOW HITPOINT WARNING * * *
You feel sick. The scorpion completely misses you. The scorpion stings you.
* * * LOW HITPOINT WARNING * * *
The necrophage hits you.
You die...

#. #.###### ### #......# ###
#.. #......# .. #.###.#......#
# #. #..........(.# .
.#'###.####### #..###.#.....#
.............###..# #.#....s###
............gn@s..# #..s.......
.............####.###.#.....###
#################.....####### #
#.......##....# #
#.......##....# #
###.......##....#######
.......................
#.......####..####### #.......#
##.#


You could see a necrophage, a scorpion and a goblin.

Vanquished Creatures
  An ogre (D:3)
  13 adders
  3 worms (D:2)
  3 dart slugs
  An orc (D:3)
  7 ball pythons
  7 bats
  9 endoplasms
  A giant cockroach (D:3)
  7 goblins
  8 hobgoblins
  2 quokkas (D:2)
  8 frilled lizards
  3 kobolds
  7 rats
  A spectral hobgoblin (D:3)
81 creatures vanquished.

Notes
Turn   | Place    | Note
-------+----------+-------------------------------------------
     0 | D:1      | Shayle the Gnoll Warper began the quest for the Orb.
     0 | D:1      | Reached XP level 1. HP: 20/20 MP: 6/6
   283 | D:1      | Reached XP level 2. HP: 26/26 MP: 7/7
   292 | D:1      | Found a faded altar of an unknown god.
  1235 | D:2      | Reached skill level 5 in Spellcasting
  1235 | D:2      | Reached XP level 3. HP: 28/31 MP: 7/9
  1297 | D:2      | Reached skill level 1 in Invocations
  1461 | D:2      | Reached skill level 1 in Short Blades
  1461 | D:2      | Reached skill level 1 in Long Blades
  1461 | D:2      | Reached skill level 1 in Axes
  1461 | D:2      | Reached skill level 1 in Maces & Flails
  1461 | D:2      | Reached skill level 1 in Polearms
  1461 | D:2      | Reached skill level 1 in Staves
  1461 | D:2      | Reached skill level 1 in Slings
  1461 | D:2      | Reached skill level 1 in Bows
  1461 | D:2      | Reached skill level 1 in Crossbows
  1461 | D:2      | Reached skill level 1 in Stealth
  1461 | D:2      | Reached skill level 1 in Shields
  1461 | D:2      | Reached skill level 1 in Evocations
  1706 | D:2      | Reached XP level 4. HP: 20/38 MP: 11/11
  2073 | D:2      | Reached skill level 1 in Conjurations
  2073 | D:2      | Reached skill level 1 in Hexes
  2073 | D:2      | Reached skill level 1 in Summonings
  2073 | D:2      | Reached skill level 1 in Necromancy
  2073 | D:2      | Reached skill level 1 in Transmutations
  2073 | D:2      | Reached skill level 1 in Fire Magic
  2073 | D:2      | Reached skill level 1 in Ice Magic
  2073 | D:2      | Reached skill level 1 in Air Magic
  2073 | D:2      | Reached skill level 1 in Earth Magic
  2073 | D:2      | Reached skill level 1 in Poison Magic
  2122 | D:2      | Learned a level 2 spell: Blink
  2126 | D:2      | Learned a level 3 spell: Teleport Other
  2603 | D:3      | Reached XP level 5. HP: 43/43 MP: 12/12
  2628 | D:3      | Found a hazy altar of Hepliaklqana.
  3336 | D:3      | Noticed an ogre
  3420 | D:3      | HP: 1/43 [ogre (22)]
  4036 | D:3      | Killed an ogre
  4037 | D:3      | Reached XP level 6. HP: 30/50 MP: 13/13
  4543 | D:4      | Noticed a necrophage
  4886 | D:4      | Slain by a necrophage

Illustrated notes

Levels and vault maps discovered:
D:1:      evilmike_arrival_hilbert_curve, layout_basic,
          dreamdust_ecumenical_altar_angels_and_demons
D:2:      layout_rooms
D:3:      layout_loops_ring, nicolae_hepliaklqana_monster_ancestors
D:4:      layout_basic, grunt_ministairs_2

Skill      XL: |  1  2  3  4  5 |
---------------+----------------+-----
Spellcasting   | 5 |  5.3
Invocations    | 1 2 |  2.1
Short Blades   | 1 |  1.9
Long Blades    | 1 |  1.9
Axes           | 1 |  1.9
Maces & Flails | 1 |  1.9
Polearms       | 1 |  1.9
Staves         | 1 |  1.9
Slings         | 1 |  1.9
Bows           | 1 |  1.9
Crossbows      | 1 |  1.9
Stealth        | 1 |  1.9
Shields        | 1 |  1.9
Evocations     | 1 |  1.9
Conjurations   | 1 |  1.5
Hexes          | 1 |  1.5
Summonings     | 1 |  1.5
Necromancy     | 1 |  1.5
Transmutations | 1 |  1.5
Fire Magic     | 1 |  1.5
Ice Magic      | 1 |  1.5
Air Magic      | 1 |  1.5
Earth Magic    | 1 |  1.5
Poison Magic   | 1 |  1.5
Throwing       | 3 |  3.2
Armour         | 3 |  3.2
Fighting       | |  4.9
Dodging        | |  4.9
Unarmed Combat | |  4.9
Translocations | |  5.6

Action                   |  1- 3 |  4- 6 || total
-------------------------+-------+-------++-------
Melee: Unarmed           |    43 |       ||    43
       Dagger            |    71 |   200 ||   271
       Bite              |     8 |    22 ||    30
       Punch             |     3 |     9 ||    12
Throw: Boomerang         |     5 |       ||     5
 Cast: Teleport Other    |       |     2 ||     2
  Use: Scroll            |       |     6 ||     6
       Potion            |       |     2 ||     2
 Stab: Sleeping          |       |     1 ||     1
Armor: Leather armour    |    12 |       ||    12
       Ring mail         |    22 |    56 ||    78
Dodge: Dodged            |    42 |    95 ||   137

Table legend: (Time is in decaauts)
 A = Elapsed time spent in this place.
 B = Non-inter-level travel time spent in this place.
 C = Inter-level travel time spent in this place.
 D = Time resting spent in this place.
 E = Time spent auto-exploring this place.
 F = Levels seen in this place.
 G = Mean time per level.
                   A        B        C        D        E       F      G
               +--------+--------+--------+--------+--------+-----+--------+
         Total |   4867 |   4750 |    117 |   1163 |   2490 |   4 | 1216.8 |
       Dungeon |   4867 |   4750 |    117 |   1163 |   2490 |   4 | 1216.8 |
               +--------+--------+--------+--------+--------+-----+--------+

Top non-repeatable levels by time:
     D:2: 1680 daAuts
     D:3: 1540 daAuts
     D:1: 1219 daAuts
     D:4: 427 daAuts
